 Dungeon Crawl Stone Soup version 0.23-a0-261-g133332c (webtiles) character file.

437010 Scuka the Bludgeoner (level 24, -8/151 HPs)
             Began as a Gargoyle Fighter on Sept 29, 2018.
             Was the Champion of Okawaru.
             Mangled by a vault guard
             ... wielding a +0 war axe
              (21 damage)
             ... on level 5 of the Vaults.
             The game lasted 02:19:07 (61597 turns).

Scuka the Bludgeoner (Gargoyle Fighter)            Turns: 61597, Time: 02:19:08

Health: -8/151     AC: 49    Str: 36    XL:     24   Next: 3%
Magic:  28/32      EV:  7    Int:  9    God:    Okawaru [******]
Gold:   2284       SH:  0    Dex:  9    Spells: 16/23 levels left

rFire    + + .     SeeInvis .   b - +7 great mace "Ysuad" {drain, +Inv MR- Str+3}
rCold    + + .     Gourm    .   (shield currently unavailable)
rNeg     + + .     Faith    .   H - +2 plate armour {MR+}
rPois    ∞         Spirit   .   y - +2 helmet of Tartarus {+Blink rElec rF+ Int-4}
rElec    +         Reflect  .   L - +2 cloak of Lidoecof {rF+ rN+}
rCorr    .         Harm     .   F - +2 pair of gloves {archery}
MR       +....                  t - +0 pair of boots {Fly}
Stlth    ..........             p - amulet of Vitality {Regen+ HP+15}
HPRegen  0.75/turn              e - ring "Orchuzoh" {rC+ EV-2 Int+3 Slay+3}
MPRegen  0.23/turn              C - ring "Putyav" {Wiz rElec rC+ Slay+5 Stlth+}

@: about to teleport, finesse, constricted
A: big wings, frail 1, negative energy resistance 1, screaming 1, electricity
resistance, strong 1, unbreathing, petrification resistance, rot immunity, AC
+18
}: 2/15 runes: decaying, serpentine
a: Fly, Heroism, Finesse, Renounce Religion, Evoke Blink, Evoke Invisibility,
Evoke Flight


You were on level 5 of the Vaults.
You worshipped Okawaru.
Okawaru was exalted by your worship.
You were not hungry.

You visited 8 branches of the dungeon, and saw 40 of its levels.
You visited the Abyss 1 time.
You also visited: Labyrinth, Bailey, Ice Cave and Wizlab.

You collected 5328 gold pieces.
You spent 3044 gold pieces at shops.

Inventory:

Hand Weapons
 b - the +7 great mace "Ysuad" (weapon) {drain, +Inv MR- Str+3}
   (Okawaru gifted it to you in an ice cave)

   A truly terrible weapon, it drains the life of those it strikes.
   It affects your strength (+3).
   It affects your resistance to hostile enchantments.
   It lets you turn invisible.
Missiles
 a - 8 javelins of penetration
 i - 19 tomahawks (quivered)
 E - 2 throwing nets
 K - 8 silver javelins
Armour
 t - a +0 pair of boots of flying (worn)
 y - the +2 helmet of Tartarus (worn) {+Blink rElec rF+ Int-4}
   (Okawaru gifted it to you on level 4 of the Swamp)

   It affects your intelligence (-4).
   It protects you from fire.
   It insulates you from electricity.
   It lets you blink.
 F - a +2 pair of gloves of archery (worn)
 H - a +2 plate armour of magic resistance (worn)
 L - the +2 cloak of Lidoecof (worn) {rF+ rN+}
   (Okawaru gifted it to you on level 2 of the Lair of Beasts)

   It protects you from fire.
   It protects you from negative energy.
Jewellery
 e - the ring "Orchuzoh" (left hand) {rC+ EV-2 Int+3 Slay+3}
   (You took it off a centaur on level 8 of the Dungeon)

   [ring of evasion]

   It affects your evasion (-2).
   It affects your intelligence (+3).
   It affects your accuracy and damage with ranged weapons and melee attacks
   (+3).
   It protects you from cold.
 p - the amulet of Vitality (around neck) {Regen+ HP+15}
   (You bought it in a shop on level 2 of the Snake Pit)

   [amulet of regeneration]

   It affects your health (+15).
   It increases your rate of regeneration.
 C - the ring "Putyav" (right hand) {Wiz rElec rC+ Slay+5 Stlth+}
   (You found it on level 8 of the Dungeon)

   [ring of wizardry]

   It improves your spell success rate.
   It affects your accuracy and damage with ranged weapons and melee attacks
   (+5).
   It protects you from cold.
   It insulates you from electricity.
   It makes you more stealthy.
Wands
 v - a wand of iceblast (16)
 N - a wand of digging (40)
 P - a wand of random effects (76)
 Q - a wand of paralysis (9)
 R - a wand of clouds (4)
 T - a wand of scattershot (5)
 Y - a wand of disintegration (15)
Scrolls
 c - 2 scrolls of amnesia
 h - 3 scrolls of magic mapping
 j - 20 scrolls of teleportation
 l - 5 scrolls of silence
 o - 2 scrolls of summoning {unknown}
 q - 11 scrolls of remove curse
 s - a scroll of acquirement {unknown}
 u - 12 scrolls of fear
 A - 3 scrolls of brand weapon {unknown}
 B - 3 scrolls of blinking {unknown}
 J - 11 scrolls of immolation
 O - a scroll of enchant armour
 U - a scroll of holy word {unknown}
 V - a scroll of enchant weapon
 Z - 4 scrolls of fog {unknown}
Potions
 d - 5 potions of might
 g - 2 potions of heal wounds
 m - 6 potions of lignification
 n - 21 potions of curing
 w - 8 potions of haste
 x - 4 potions of agility
 z - 3 potions of resistance
 D - 6 potions of cancellation
 M - 4 potions of ambrosia
 S - a potion of berserk rage {unknown}
 W - a potion of invisibility {unknown}
Miscellaneous
 k - a lightning rod (3/4)
 G - a phial of floods
 I - a lamp of fire (inert)
Comestibles
 f - 65 rations
 r - 2 chunks of flesh


   Skills:
 + Level 16.1 Fighting
 - Level 20.0 Maces & Flails
 + Level 11.6 Throwing
 + Level 13.9 Armour
 + Level 9.0 Dodging
   Level 11.2 Shields
 - Level 8.0 Charms
 - Level 8.0 Translocations
 - Level 16.1 Air Magic
 - Level 8.0 Invocations
 + Level 13.1 Evocations


You had 16 spell levels left.
You knew the following spells:

 Your Spells              Type           Power        Failure   Level  Hunger
a - Blink                 Tloc           N/A          4%          2    ###....
b - Swiftness             Chrm/Air       ###.....     1%          2    ###....
c - Regeneration          Chrm/Necr      #.........   38%         3    ####...

Your spell library contained the following spells:

 Spells                   Type           Power        Failure   Level  Hunger
 Airstrike                Air            ####......   1%          4    #####..
 Shock                    Conj/Air       ##..         2%          1    ##.....
 Poisonous Vapours        Pois/Air       ##....       4%          2    ###....
 Gell's Gravitas          Tloc           ##........   9%          3    ####...
 Static Discharge         Conj/Air       ##......     9%          3    ####...
 Mephitic Cloud           Conj/Pois/Air  #.......     24%         3    ####...
 Summon Lightning Spire   Summ/Air       ##......     26%         4    #####..
 Ozocubu's Armour         Chrm/Ice       #.......     38%         3    ####...
 Portal Projectile        Hex/Tloc       #.....       38%         3    ####...
 Recall                   Summ/Tloc      N/A          38%         3    ####...
 Animate Skeleton         Necr           N/A          54%         1    ##.....
 Confusing Touch          Hex            #.....       54%         1    ##.....
 Corona                   Hex            #......      54%         1    ##.....
 Flame Tongue             Conj/Fire      #....        54%         1    ##.....
 Freeze                   Ice            #...         54%         1    ##.....
 Magic Dart               Conj           #...         54%         1    ##.....
 Pain                     Necr           #...         54%         1    ##.....
 Sting                    Conj/Pois      #...         54%         1    ##.....
 Summon Small Mammal      Summ           #...         54%         1    ##.....
 Lightning Bolt           Conj/Air       ##........   56%         5    ######.
 Silence                  Hex/Air        ##........   56%         5    ######.
 Call Imp                 Summ           #.......     69%         2    ###....
 Ensorcelled Hibernation  Hex/Ice        #.....       69%         2    ###....
 Passwall                 Tmut/Erth      #.......     69%         2    ###....
 Searing Ray              Conj           #.....       69%         2    ###....
 Slow                     Hex            #.......     69%         2    ###....
 Throw Frost              Conj/Ice       #.....       69%         2    ###....
 Force Lance              Conj/Tloc      #.......     77%         4    #####..
 Call Canine Familiar     Summ           #.......     88%         3    ####...
 Confuse                  Hex            #.......     88%         3    ####...
 Conjure Flame            Conj/Fire      #.......     88%         3    ####...
 Dazzling Spray           Conj/Hex       #.....       88%         3    ####...
 Ignite Poison            Fire/Tmut/Pois #.......     88%         3    ####...
 Inner Flame              Hex/Fire       #.......     88%         3    ####...
 Summon Guardian Golem    Hex/Summ       #.......     88%         3    ####...
 Tukima's Dance           Hex            #.......     88%         3    ####...
 Vampiric Draining        Necr           #.........   88%         3    ####...
 Iskenderun's Battlesphe  Conj/Chrm      #.......     97%         5    ######.
 Summon Forest            Summ/Tloc      #.........   97%         5    ######.
 Conjure Ball Lightning   Conj/Air       ##........   98%         6    #######
 Dispersal                Tloc           ##........   98%         6    #######
 Animate Dead             Necr           N/A          99%         4    #####..
 Cause Fear               Hex            #.........   99%         4    #####..
 Fulminant Prism          Conj/Hex       #.........   99%         4    #####..
 Iskenderun's Mystic Bla  Conj           #.......     99%         4    #####..
 Leda's Liquefaction      Hex/Erth       #.........   99%         4    #####..
 Olgreb's Toxic Radiance  Pois           #.......     99%         4    #####..
 Petrify                  Tmut/Erth      #.......     99%         4    #####..
 Summon Ice Beast         Ice/Summ       #.......     99%         4    #####..
 Throw Icicle             Conj/Ice       #.......     99%         4    #####..
 Aura of Abjuration       Summ           #.........   100%        5    ######.
 Bolt of Magma            Conj/Fire/Erth #.........   100%        5    ######.
 Fireball                 Conj/Fire      #.........   100%        5    ######.
 Metabolic Englaciation   Hex/Ice        #.........   100%        5    ######.
 Summon Demon             Summ           #.........   100%        5    ######.
 Summon Mana Viper        Hex/Summ       #.......     100%        5    ######.
 Venom Bolt               Conj/Pois      #.........   100%        5    ######.
 Yara's Violent Unravell  Hex/Tmut       #.........   100%        5    ######.
 Freezing Cloud           Conj/Ice/Air   #.........   100%        6    #######
 Iron Shot                Conj/Erth      #.........   100%        6    #######
 Shadow Creatures         Summ           N/A          100%        6    #######
 Orb of Destruction       Conj           #.........   100%        7    #######
 Ring of Flames           Chrm/Fire      #.........   100%        7    #######
 Spellforged Servitor     Conj/Summ      #.........   100%        7    #######
 Controlled Blink         Tloc           N/A          100%        8    #######
 Disjunction              Tloc           ##........   100%        8    #######
 Shatter                  Erth           #.........   100%        9    #######
 Tornado                  Air            ####......   100%        9    #######
 Statue Form              Tmut/Erth      Unusable     N/A         6    N/A

Dungeon Overview and Level Annotations

Branches:
Dungeon (15/15)            Temple (1/1) D:6            Lair (6/6) D:8
  Swamp (4/4) Lair:3        Snake (4/4) Lair:2        Slime (0/5) Lair:5
    Orc (2/2) D:9             Elf (3/3) Orc:2        Vaults (5/5) D:14
  Crypt (0/3) Vaults:2     Depths (0/5) D:15

Altars:
Ashenzari
Cheibriados
Dithmenos
Elyvilon
Fedhas
Gozag
Hepliaklqana
Kikubaaqudgha
Makhleb
Nemelex Xobeh
Okawaru
Qazlal
Ru
Sif Muna
Trog
Uskayaw
Vehumet
Wu Jian
Xom
Yredelemnul
Zin
The Shining One
Beogh
Lugonu

Shops:
D:4 [   D:13 [   Orc:2 [*(:   Snake:1 (   Snake:2 [=(*   Vaults:1 %

Portals:
Trove: Elf:2 (give 17 scrolls of teleportation)

Annotations:
Swamp:1 1 transporter
Elf:2 1 runed door


Innate Abilities, Weirdness & Mutations

You are resistant to torment.
Your stone body is resilient. (AC +18)
You are immune to poison.
Your large and strong wings let you fly indefinitely.
You resist negative energy. (rN+)
You are resistant to electric shocks. (rElec)
You can survive without breathing.
You are immune to petrification.
You are immune to rotting.
You are frail. (-10% HP)
You occasionally shout uncontrollably at your foes.
Your muscles are strong. (Str +2)


Message History

The death knight barely misses you.
A quicksilver dragon comes into view.
The storm dragon bites you.
* * * LOW HITPOINT WARNING * * *
The storm dragon claws you but does no damage.
The storm dragon tramples you!
* * * LOW HITPOINT WARNING * * *
You hold your ground!
The vault guard hits you but does no damage.
A deep troll comes into view.
The ironbrand convoker casts a spell at the vault guard.
The vault guard seems to grow stronger.
The vault guard hits you with a war axe!
* * * LOW HITPOINT WARNING * * *
The tentacled monstrosity barely misses you.
The tentacled monstrosity tentacle-slaps you but does no damage. x2
* * * LOW HITPOINT WARNING * * *
The tentacled monstrosity constricts you!
The vault guard hits you with a war axe!!
You die...

.# #....#....
..##....#..y
#..#....#..
#........D#
##.....pc.#####
[.....SQ*e.....
.....ppDpW.....
....WWp@pp.p...
...*.k(XL......
##...§Dpc.#####
#Q...§.!...
#W##..§.#.... T
#..§.#......
#...§#..####
#...§#D.#


You could see a tentacled monstrosity, a golden dragon, a storm dragon, 2
quicksilver dragons, 2 tengu reavers, a death knight, a lich, 5 vault guards, an
anaconda shaped shifter, a flayed ghost, a deep troll, 2 vault sentinels, a faun
shaped shifter, a lindwurm shaped shifter, a deep elf high priest, 2 phantasmal
warriors, an ironbrand convoker, a yaktaur, a queen bee, a wraith, a hand axe of
chopping and 2 battlespheres.

Vanquished Creatures
  Boris (Vaults:4)
  Vashnia (Snake:3)
  the Lernaean hydra (Swamp:4)
  Nikola (Vaults:3)
  A bone dragon (Vaults:2)
  A Cloud Mage (WizLab)
  Rupert (D:14)
  A lich (Vaults:4)
  A deep elf blademaster (Elf:3)
  2 deep elf master archers (Elf:3)
  A tentacled starspawn (Abyss:3)
  Kirke (Snake:4)
  A thorn hunter (Swamp:3)
  11 nagarajas
  A fire giant (Vaults:4)
  2 frost giants
  13 deep elf sorcerers
  2 orc warlords
  Louise (Swamp:2)
  The ghost of Tovarisch the Geomancer, a journeyman DgEE (Orc:2)
  3 deep elf elementalists (Elf:3)
  9 vault wardens
  14 ironheart preservers
  3 very ugly things (Vaults:1)
  An entropy weaver (Vaults:4)
  3 stone giants
  10 deep elf annihilators
  Azrael (D:12)
  A minotaur (Lab)
  Nessos (D:13)
  10 deep elf demonologists
  The ghost of DrakeDragon the Impaler, a journeyman MfSk of Nemelex Xobeh (Lair:4)
  5 spark wasps (WizLab)
  Snorg (Lair:4)
  3 blizzard demons (WizLab)
  Josephine (D:14)
  2 ettins
  6 deep elf high priests (Elf:3)
  8 deep elf death magi
  2 great orbs of eyes
  2 fire dragons
  4 rakshasas
  7 ogre magi
  8 yaktaur captains
  15 naga warriors
  Erolcha (D:12)
  Fannar (D:12)
  6 ghost crabs
  22 hydras
  Harold (D:11)
  3 ice dragons
  25 vault guards
  A catoblepas (D:14)
  The ghost of Ygeygat the Bludgeoner, a journeyman GrFi of the Shining One (Lair:3)
  17 anacondas
  6 shambling mangroves
  3 spriggan air magi (WizLab)
  22 two-headed ogres
  4 death knights
  7 centaur warriors
  9 death yaks
  Urug (Orc:2)
  13 alligators
  34 dancing weapons
  A deep troll shaman (Vaults:2)
  2 tengu warriors (Orc:2)
  4 orc high priests (Orc:2)
  25 naga sharpshooters
  Nergalle (Orc:1)
  12 shock serpents
  A wretched star (Abyss:3)
  6 thrashing horrors (Abyss:3)
  8 spriggans
  2 shadow wraiths (Vaults:3)
  Sonja (D:12)
  27 deep elf knights
  4 death drakes (WizLab)
  2 skeletal warriors
  9 salamander mystics
  4 deep trolls
  6 large abominations
  4 sea snakes (Snake:3)
  2 flayed ghosts
  10 wizards
  2 glowing orange brains
  15 swamp dragons
  2 unseen horrors
  20 deep elf archers
  8 harpies (Vaults:1)
  3 phantasmal warriors
  87 deep elf magi
  12 naga ritualists
  A necromancer (Vaults:3)
  12 ironbrand convokers
  A tengu skeleton (Vaults:3)
  Pikel (D:7)
  10 orc knights
  14 salamanders
  23 ugly things
  An orb spider (shapeshifter) (Vaults:3)
  9 orc sorcerers
  12 mana vipers
  A wolf spider zombie (D:15)
  A moth of wrath (shapeshifter) (Vaults:1)
  7 cyclopes
  A worldbinder (Abyss:3)
  A manticore (D:13)
  4 oklob plants (Lair:3)
  8 apocalypse crabs
  A stone giant skeleton (Vaults:3)
  48 black mambas
  9 guardian serpents
  An ice statue (IceCv)
  16 naga magi
  2 smoke demons (Abyss:3)
  8 vault sentinels
  An elephant (Lair:3)
  2 gargoyles
  15 spiny frogs
  A komodo dragon (shapeshifter) (D:13)
  9 freezing wraiths
  4 komodo dragons
  39 yaktaurs
  An efreet (D:14)
  2 ice devils (D:14)
  2 tengu conjurers
  3 hellwings (Abyss:3)
  A queen bee (Lair:2)
  A human skeleton (Vaults:3)
  6 trolls
  A hornet (shapeshifter) (Vaults:1)
  3 meliai (shapeshifter)
  9 tyrant leeches
  30 polar bears
  A wind drake (WizLab)
  The ghost of zkyp the Slasher, an amateur DgGl (D:3)
  22 hornets
  A meliai zombie (D:15)
  8 raiju
  14 slime creatures
  6 blink frogs
  A frost giant simulacrum (Vaults:3)
  3 bog bodies
  7 hippogriffs
  8 air elementals
  3 centaur simulacra (D:14)
  8 wraiths
  8 starcursed masses (Abyss:3)
  Sigmund (D:2)
  A tarantella (shapeshifter) (Elf:3)
  4 water elementals
  7 redbacks
  A spriggan (shapeshifter) (Vaults:3)
  2 wyverns
  44 yaks
  A vampire (D:15)
  3 hungry ghosts
  2 hogs (Snake:4)
  2 steam dragons
  18 humans (D:14)
  2 basilisks
  3 fire elementals
  6 vampire mosquitoes
  Menkaure (D:4)
  14 swamp worms
  4 small abominations
  A neqoxec (Abyss:3)
  15 wargs
  6 insubstantial wisps (Swamp:2)
  2 acid dragons
  25 water moccasins
  61 nagas
  16 hell hounds
  2 floating eyes
  11 porcupines
  9 ice beasts
  3 hornet zombies
  32 orc warriors
  9 swamp drakes
  13 black bears
  9 boggarts
  4 sky beasts
  An ettin simulacrum (Vaults:1)
  24 ogres
  5 phantoms
  37 wolves
  An ice dragon simulacrum (Abyss:3)
  11 centaurs
  10 crocodiles
  16 bullfrogs
  A wyvern zombie (D:10)
  7 earth elementals
  A wyvern skeleton (D:8)
  2 scorpions
  An elf simulacrum (Vaults:3)
  16 killer bees
  An orc simulacrum (Vaults:2)
  13 wights
  7 electric eels
  7 howler monkeys
  6 crimson imps
  4 lava snakes (Lab)
  2 quasits
  A bullfrog zombie (D:9)
  4 hounds
  An iron imp (Abyss:3)
  19 orc priests
  7 jellies
  4 centaur skeletons
  5 bullfrog skeletons
  Natasha (twice) (D:3)
  4 iguanas
  23 orc wizards
  10 worker ants
  A killer bee zombie (D:10)
  A howler monkey zombie (D:5)
  2 worker ant zombies
  10 adders
  A shadow imp (D:5)
  2 white imps (D:14)
  An ufetubus (D:14)
  2 oozes
  4 adder skeletons
  3 worms
  A dart slug (D:1)
  4 leopard geckos
  75 orcs
  10 giant cockroaches
  11 hobgoblins
  12 jackals
  6 quokkas
  3 ball pythons (D:3)
  11 bats
  6 frilled lizards
  16 goblins
  8 kobolds
  A leopard gecko skeleton (D:8)
  A quokka skeleton (D:5)
  4 rats
  A bush (Lair:1)
  3 crawling corpses (Elf:3)
  A fungus (Lair:3)
  4 plants
1828 creatures vanquished.

Vanquished Creatures (others)
  A salamander mystic (Snake:4)
  2 black mambas
  A water elemental (D:14)
  3 humans (Snake:4)
  A naga (Snake:4)
  2 slaves (D:7)
  5 wolves (IceCv)
  2 ogres
  A crimson imp (D:7)
  6 orcs
  7 fungi
  26 plants
57 creatures vanquished.

Grand Total: 1885 creatures vanquished

Notes
Turn   | Place    | Note
-------+----------+-------------------------------------------
     0 | D:1      | Scuka the Gargoyle Fighter began the quest for the Orb.
     0 | D:1      | Reached XP level 1. HP: 14/14 MP: 1/1
   226 | D:1      | Reached XP level 2. HP: 18/19 MP: 2/2
   394 | D:1      | Reached skill level 3 in Maces & Flails
   577 | D:1      | Reached XP level 3. HP: 23/23 MP: 3/3
  1379 | D:2      | Reached skill level 4 in Maces & Flails
  1430 | D:2      | Reached XP level 4. HP: 23/28 MP: 4/4
  1481 | D:2      | Noticed Sigmund
  1700 | D:2      | Killed Sigmund
  1700 | D:2      | Reached skill level 6 in Maces & Flails
  1700 | D:2      | Reached XP level 5. HP: 13/32 MP: 5/5
  1923 | D:2      | Reached XP level 6. HP: 32/37 MP: 6/6
  2272 | D:3      | Noticed Natasha
  2285 | D:3      | Killed Natasha
  2480 | D:3      | Found a transporter.
  2484 | D:3      | Found a transporter.
  2484 | D:3      | Noticed zkyp's ghost (amateur DgGl)
  2876 | D:3      | Found a hazy altar of Hepliaklqana.
  3247 | D:3      | Noticed Natasha
  3256 | D:3      | Killed Natasha
  3447 | D:4      | Reached skill level 7 in Maces & Flails
  3447 | D:4      | Reached XP level 7. HP: 41/43 MP: 7/7
  3557 | D:4      | Noticed Menkaure
  3571 | D:4      | Killed Menkaure
  4086 | D:4      | Reached skill level 5 in Fighting
  4086 | D:4      | Reached skill level 8 in Maces & Flails
  4212 | D:4      | Found Akobe's Antique Armour Emporium.
  4349 | D:5      | Entered Level 5 of the Dungeon
  4526 | D:5      | Found an ornate altar of the Wu Jian Council.
  4567 | D:5      | Reached XP level 8. HP: 42/49 MP: 8/8
  4641 | D:5      | Found a stormy altar of Qazlal.
  4643 | D:5      | Noticed an air elemental
  4643 | D:5      | Noticed a water elemental
  5186 | D:5      | Reached skill level 9 in Maces & Flails
  5556 | D:6      | Found a staircase to the Ecumenical Temple.
  5565 | Temple   | Entered the Ecumenical Temple
  6207 | D:6      | Found an iron altar of Okawaru.
  6314 | D:6      | Became a worshipper of Warmaster Okawaru
  6445 | D:7      | Noticed Pikel
  6464 | D:7      | Killed Pikel
  6464 | D:7      | Reached * piety under Okawaru
  6464 | D:7      | Reached skill level 10 in Maces & Flails
  6464 | D:7      | Reached XP level 9. HP: 45/57 MP: 9/9
  6854 | D:7      | Reached ** piety under Okawaru
  7008 | D:7      | Reached skill level 11 in Maces & Flails
  7108 | D:7      | Found a radiant altar of Vehumet.
  7263 | D:7      | Found a hide-covered altar of Uskayaw.
  7263 | D:7      | Found a basalt altar of Yredelemnul.
  7616 | D:8      | Found a staircase to the Lair.
  8255 | D:8      | Reached XP level 10. HP: 58/65 MP: 10/10
  8358 | D:8      | Got a coiled platinum ring
  8570 | D:8      | Noticed a deep elf mage
  8589 | D:8      | Reached skill level 12 in Maces & Flails
  8609 | D:8      | Killed a deep elf mage
  8609 | D:8      | Reached *** piety under Okawaru
  8869 | D:8      | Got a coiled copper ring
  8883 | D:8      | Got a steaming chain mail
  8904 | D:8      | Identified the cursed +1 chain mail of the Spider Nest
                  | {rN++ MR- Dex+6} (You found it on level 8 of the Dungeon)
  8904 | D:8      | Identified the cursed ring "Orchuzoh" {rC+ EV-2 Int+3
                  | Slay+3} (You took it off a centaur on level 8 of the
                  | Dungeon)
  8906 | D:8      | Identified the ring "Putyav" {Wiz rElec rC+ Slay+5 Stlth+}
                  | (You found it on level 8 of the Dungeon)
  9085 | D:8      | Noticed a two-headed ogre
  9092 | D:8      | Killed a two-headed ogre
  9479 | D:9      | Found a staircase to the Orcish Mines.
  9508 | D:9      | Found a burning altar of Makhleb.
  9702 | D:9      | Reached skill level 13 in Maces & Flails
  9810 | D:9      | Reached **** piety under Okawaru
 10179 | D:4      | Bought a pair of embroidered gloves for 172 gold pieces
 10290 | Lair:1   | Entered Level 1 of the Lair of Beasts
 10496 | Lair:1   | Reached skill level 10 in Fighting
 10600 | Lair:1   | Noticed a five-headed hydra
 10610 | Lair:1   | Killed a five-headed hydra
 10610 | Lair:1   | Reached XP level 11. HP: 54/73 MP: 8/11
 11542 | Lair:2   | Reached ***** piety under Okawaru
 11722 | Lair:2   | Reached skill level 14 in Maces & Flails
 11809 | Lair:2   | Found a sparkling altar of Nemelex Xobeh.
 11888 | Lair:2   | Found a staircase to the Snake Pit.
 11928 | Lair:2   | Noticed a death yak
 11959 | Lair:2   | Killed a death yak
 11959 | Lair:2   | Received a gift from Okawaru
 12053 | Lair:2   | Got a translucent cloak {god gift}
 12054 | Lair:2   | Noticed a death yak
 12065 | Lair:2   | Noticed a death yak
 12187 | Lair:1   | Identified the +2 cloak of Lidoecof {rF+ rN+} (Okawaru
                  | gifted it to you on level 2 of the Lair of Beasts)
 12268 | Lair:2   | Reached skill level 1 in Invocations
 12435 | Lair:2   | Killed a death yak
 12435 | Lair:2   | Reached skill level 1 in Throwing
 12435 | Lair:2   | Reached skill level 1 in Evocations
 13167 | Lair:3   | Found a runed gate.
 13168 | Lair:3   | Found a runed gate.
 13169 | Lair:3   | Found a runed gate.
 13169 | Lair:3   | Noticed a 12-headed hydra
 13170 | Lair:3   | Noticed a 13-headed hydra
 13170 | Lair:3   | Noticed Ygeygat's ghost (journeyman GrFi)
 13191 | Lair:3   | Found a labyrinth entrance.
 13201 | Lab      | Entered a labyrinth
 13272 | Lab      | Reached XP level 12. HP: 68/80 MP: 13/15
 13627 | Lab      | Found an exit through the horrors of the Abyss.
 13739 | Lab      | Found an exit through the horrors of the Abyss.
 13926 | Lab      | Noticed a minotaur
 13943 | Lab      | Killed a minotaur
 13943 | Lab      | Reached skill level 5 in Shields
 13943 | Lab      | Reached skill level 5 in Invocations
 14118 | Lair:3   | Reached skill level 5 in Armour
 14221 | Lair:3   | Found a staircase to the Swamp.
 15426 | Lair:4   | Killed a death yak
 15524 | Lair:4   | Found a runed door.
 15526 | Lair:4   | Received a gift from Okawaru
 15545 | Lair:4   | Noticed a spriggan rider
 15547 | Lair:4   | Noticed DrakeDragon's ghost (journeyman MfSk)
 15550 | Lair:4   | Noticed a spriggan rider
 15703 | Lair:4   | Noticed an eight-headed hydra
 15714 | Lair:4   | Killed an eight-headed hydra
 15905 | Lair:4   | Noticed Snorg
 15920 | Lair:4   | Killed Snorg
 15920 | Lair:4   | Reached XP level 13. HP: 38/84 MP: 10/18
 16499 | Lair:5   | Found a staircase to the Slime Pits.
 16796 | Lair:5   | Received a gift from Okawaru
 16838 | Lair:5   | Received a gift from Okawaru
 17341 | Lair:6   | Entered Level 6 of the Lair of Beasts
 17381 | Lair:5   | Reached ****** piety under Okawaru
 17384 | Lair:5   | Received a gift from Okawaru
 17653 | Lair:6   | Reached skill level 5 in Throwing
 17795 | Lair:6   | Reached skill level 5 in Evocations
 18058 | Lair:6   | Reached skill level 15 in Maces & Flails
 18151 | Lair:6   | Received a gift from Okawaru
 18489 | Lair:6   | Received a gift from Okawaru
 18536 | Lair:6   | Gained mutation: Your large and strong wings let you fly
                  | indefinitely. [Gargoyle growth]
 18536 | Lair:6   | Reached XP level 14. HP: 67/91 MP: 20/20
 19654 | Orc:1    | Entered Level 1 of the Orcish Mines
 19968 | Orc:1    | Found a roughly hewn altar of Beogh.
 20105 | Orc:2    | Entered Level 2 of the Orcish Mines
 20687 | Orc:2    | Noticed an orc warlord
 20706 | Orc:1    | Killed an orc warlord
 21612 | Orc:2    | Received a gift from Okawaru
 21668 | Orc:1    | Noticed Nergalle
 21749 | Orc:1    | Killed Nergalle
 21987 | Orc:2    | Found Derycemn's Antique Armour Shop.
 21988 | Orc:2    | Found Xoher's Antique Weapon Shop.
 21989 | Orc:2    | Found Suxkuzxius's General Store.
 21989 | Orc:2    | Found Nymneow's Book Boutique.
 21993 | Orc:2    | Bought a scroll of enchant weapon for 97 gold pieces
 21993 | Orc:2    | Bought a scroll of teleportation for 39 gold pieces
 21993 | Orc:2    | Bought a scroll of teleportation for 39 gold pieces
 21993 | Orc:2    | Bought a scroll of identify for 26 gold pieces
 21993 | Orc:2    | Bought a scroll of identify for 26 gold pieces
 21993 | Orc:2    | Bought a scroll of teleportation for 39 gold pieces
 22108 | Orc:2    | Bought a twisted plate armour for 728 gold pieces
 22108 | Orc:2    | Bought a pair of glowing boots for 195 gold pieces
 22118 | Orc:2    | Identified the cursed +0 plate armour of Ajall {Dex+3} (You
                  | bought it in a shop on level 2 of the Orcish Mines)
 22155 | Orc:2    | Received a gift from Okawaru
 22198 | Orc:2    | Found a staircase to the Elven Halls.
 22303 | Orc:2    | Found a runed gate.
 22304 | Orc:2    | Found a runed gate.
 22318 | Orc:2    | Found a runed gate.
 22428 | Orc:2    | Noticed Urug
 22439 | Orc:2    | Killed Urug
 22874 | Orc:2    | Found an iron altar of Okawaru.
 22874 | Orc:2    | Noticed Tovarisch's ghost (journeyman DgEE)
 22875 | Orc:2    | Noticed an orc warlord
 22989 | D:10     | Entered Level 10 of the Dungeon
 23091 | D:10     | Found the +4 dagger "Morg" {pain, MR+ Int+5}
 23091 | D:10     | Found a corrupted altar of Lugonu.
 23149 | D:10     | Found a transporter.
 24081 | D:11     | Found a flagged portal.
 24125 | Bailey   | Entered a bailey
 24159 | Bailey   | Reached skill level 1 in Dodging
 24167 | Bailey   | Reached skill level 16 in Maces & Flails
 24726 | D:11     | Received a gift from Okawaru
 24867 | D:11     | Reached XP level 15. HP: 97/97 MP: 21/21
 24888 | D:11     | Noticed Harold
 24900 | D:11     | Killed Harold
 25255 | D:12     | Noticed Azrael
 25292 | D:12     | Killed Azrael
 25429 | D:12     | Noticed Fannar
 25450 | D:12     | Killed Fannar
 25584 | D:12     | Noticed Erolcha
 25593 | D:12     | Killed Erolcha
 25862 | D:12     | Noticed Sonja
 25873 | D:12     | Killed Sonja
 26048 | D:13     | Noticed Nessos
 26376 | D:13     | Killed Nessos
 26436 | D:13     | Received a gift from Okawaru
 26798 | D:13     | Found Veemo's Antique Armour Shoppe.
 26807 | D:13     | Bought a shiny helmet for 195 gold pieces
 27086 | D:14     | Noticed Josephine
 27103 | D:14     | Killed Josephine
 27357 | D:14     | Found a frozen archway.
 27389 | IceCv    | Entered an ice cave
 27772 | IceCv    | Received a gift from Okawaru
 27783 | IceCv    | Got a steaming great mace {god gift}
 27789 | IceCv    | Identified the +7 great mace "Ysuad" {drain, +Inv MR-
                  | Str+3} (Okawaru gifted it to you in an ice cave)
 27965 | IceCv    | Noticed a frost giant
 27986 | IceCv    | Killed a frost giant
 27986 | IceCv    | Reached skill level 10 in Armour
 27986 | IceCv    | Reached skill level 10 in Shields
 29221 | D:14     | Received a gift from Okawaru
 29467 | D:14     | Reached XP level 16. HP: 90/104 MP: 22/22
 29610 | D:14     | Found a gate to the Vaults.
 29618 | D:14     | Identified the Handbook of Shifting Weightlessness
 29906 | D:14     | Noticed Rupert
 29918 | D:14     | Killed Rupert
 30084 | D:15     | Entered Level 15 of the Dungeon
 30298 | D:15     | Learned a level 2 spell: Blink
 30301 | D:15     | Learned a level 2 spell: Swiftness
 30612 | D:15     | Reached skill level 1 in Translocations
 30625 | D:15     | Reached skill level 1 in Charms
 30951 | D:15     | Found a staircase to the Depths.
 31748 | Swamp:1  | Entered Level 1 of the Swamp
 32766 | Swamp:1  | Found a transporter.
 32769 | Swamp:1  | Found the +2 shield of Resistance {rF+ rC+ MR+}
 32808 | Swamp:1  | Received a gift from Okawaru
 32907 | Swamp:1  | Found a transporter.
 33435 | Swamp:1  | Reached skill level 5 in Dodging
 33756 | Swamp:2  | Noticed Louise
 33765 | Swamp:2  | Killed Louise
 33773 | Swamp:2  | Identified the Catalogue of the Road Less Travelled
 34297 | Swamp:3  | Reached XP level 17. HP: 48/110 MP: 23/23
 34591 | Swamp:3  | Reached skill level 1 in Air Magic
 35624 | Swamp:4  | Entered Level 4 of the Swamp
 36217 | Swamp:4  | Received a gift from Okawaru
 36627 | Swamp:4  | Noticed the 27-headed Lernaean hydra
 36636 | Swamp:4  | Killed the 27-headed Lernaean hydra
 36659 | Swamp:4  | Received a gift from Okawaru
 36663 | Swamp:4  | Got a smoking helmet {god gift}
 36894 | Swamp:4  | Identified the +2 helmet of Tartarus {+Blink rElec rF+
                  | Int-4} (Okawaru gifted it to you on level 4 of the Swamp)
 37079 | Swamp:4  | Got a decaying rune of Zot
 37454 | Lair:3   | Killed Ygeygat's ghost
 37727 | Orc:2    | Killed Tovarisch's ghost
 38089 | Lair:4   | Killed DrakeDragon's ghost
 38089 | Lair:4   | Reached skill level 5 in Translocations
 38329 | D:10     | Reached skill level 5 in Charms
 38577 | D:10     | Found a transporter.
 38766 | D:3      | Killed zkyp's ghost
 38929 | Snake:1  | Entered Level 1 of the Snake Pit
 38950 | Snake:1  | Found Wihomir's Antique Weapon Emporium.
 39123 | Snake:1  | Reached skill level 10 in Evocations
 39159 | Snake:1  | Reached XP level 18. HP: 86/116 MP: 25/25
 40138 | Snake:2  | Received a gift from Okawaru
 40270 | Snake:2  | Received a gift from Okawaru
 40466 | Snake:2  | Found Gocokk's Antique Armour Shoppe.
 40492 | Snake:2  | Reached skill level 17 in Maces & Flails
 40565 | Snake:2  | Received a gift from Okawaru
 40752 | Snake:2  | Found Xiesu's Jewellery Shoppe.
 40753 | Snake:2  | Found Ijimaluts's Antique Weapon Emporium.
 40753 | Snake:2  | Found Meungue's Weapon Shoppe.
 40792 | Snake:2  | Reached skill level 5 in Air Magic
 41338 | Snake:2  | Found Ilighie's General Store.
 41353 | Snake:2  | Bought a potion of resistance for 160 gold pieces
 41353 | Snake:2  | Bought a potion of might for 64 gold pieces
 41359 | Snake:2  | Bought the amulet of Vitality {Regen+ HP+15} for 1264 gold
                  | pieces
 41359 | Snake:2  | Found the amulet of Vitality {Regen+ HP+15}
 41535 | Snake:2  | Received a gift from Okawaru
 41996 | Snake:3  | Found a deep blue altar of Sif Muna.
 42140 | Snake:3  | Noticed Vashnia
 42218 | Snake:3  | Received a gift from Okawaru
 42696 | Snake:3  | Killed Vashnia
 42696 | Snake:3  | Received a gift from Okawaru
 42867 | Snake:3  | Reached XP level 19. HP: 121/121 MP: 27/27
 43321 | Snake:4  | Entered Level 4 of the Snake Pit
 43908 | Snake:4  | Noticed Kirke
 43971 | Snake:4  | Killed Kirke
 44607 | Snake:4  | Reached skill level 18 in Maces & Flails
 44933 | Snake:4  | Received a gift from Okawaru
 45170 | Snake:4  | Received a gift from Okawaru
 45178 | Snake:4  | Got a bloodstained hat {god gift}
 45189 | Snake:4  | Identified the +2 hat of the Cockroach {rPois rF+ Str+2
                  | Stlth-} (Okawaru gifted it to you on level 4 of the Snake
                  | Pit)
 45224 | Snake:4  | Reached skill level 19 in Maces & Flails
 45606 | Snake:4  | Got a serpentine rune of Zot
 46162 | Elf:1    | Entered Level 1 of the Elven Halls
 46171 | Elf:1    | Reached XP level 20. HP: 127/127 MP: 28/28
 46707 | Elf:1    | Found a magical portal.
 46716 | WizLab   | Entered The Chambers of the Cloud Mage
 46833 | WizLab   | Received a gift from Okawaru
 46834 | WizLab   | Got a pair of pitted boots {god gift}
 46916 | WizLab   | Identified the +1 pair of boots of the Planets {rPois Int+9
                  | Slay-6} (Okawaru gifted it to you in a wizard's laboratory)
 47512 | WizLab   | Got a smoking iron ring
 47699 | WizLab   | Reached skill level 20 in Maces & Flails
 47785 | WizLab   | Noticed Diemos
 47799 | WizLab   | Killed Diemos the Cloud Mage
 47799 | WizLab   | Reached skill level 10 in Air Magic
 47949 | WizLab   | Identified the Volume of Flight
 47961 | WizLab   | Identified the ring of Trepidation {+Blink +Fly rElec rF-}
                  | (You took it off a spriggan air mage in a wizard's
                  | laboratory)
 47979 | WizLab   | Got a steaming plate armour
 47990 | WizLab   | Identified the cursed +0 plate armour "Iptawuliba" {Str+4}
                  | (You found it in a wizard's laboratory)
 48340 | Elf:1    | Paralysed by a floating eye for 2 turns
 48711 | Elf:1    | Learned a level 3 spell: Regeneration
 48918 | Elf:2    | Found a portal to a secret trove of treasure.
 48977 | Elf:2    | Found a runed door.
 49000 | Elf:2    | Found a runed door.
 49425 | Elf:2    | Received a gift from Okawaru
 49754 | Elf:2    | Reached XP level 21. HP: 132/132 MP: 29/29
 49783 | Elf:2    | Received a gift from Okawaru
 50260 | Elf:3    | Entered Level 3 of the Elven Halls
 51225 | Elf:3    | Got a bound granite ring
 51282 | Elf:3    | Reached skill level 15 in Air Magic
 51323 | Elf:3    | Received a gift from Okawaru
 51372 | Elf:3    | Received a gift from Okawaru
 51410 | Elf:3    | Identified the ring of Soaretae {*Tele Int+4 Dex+4} (You
                  | took it off a deep elf mage on level 3 of the Elven Halls)
 51501 | Elf:3    | Received a gift from Okawaru
 51585 | Elf:3    | Cast into level 3 of the Abyss (a deep elf sorcerer)
 51673 | Abyss:3  | Received a gift from Okawaru
 51700 | Abyss:3  | Gained mutation: You occasionally shout uncontrollably at
                  | your foes. [a neqoxec]
 51702 | Abyss:3  | Gained mutation: You are frail. (-10% HP) [a neqoxec]
 52023 | Abyss:3  | Received a gift from Okawaru
 52029 | Elf:3    | Escaped the Abyss
 52193 | Elf:3    | Reached XP level 22. HP: 123/123 MP: 30/30
 52329 | Elf:3    | Got a coiled bronze ring
 52350 | Elf:3    | Identified the ring of the Lobster {Fire Stlth+} (You took
                  | it off a deep elf annihilator on level 3 of the Elven
                  | Halls)
 52555 | Elf:3    | Found the +6 shillelagh "Devastator" {shatter}
 52559 | Elf:3    | Got a wavering platinum ring
 52561 | Elf:3    | Identified the cursed ring "Malue" {MR+ Str+3 Dex-3} (You
                  | found it on level 3 of the Elven Halls)
 52619 | Elf:3    | Found the +7 sceptre of Torment
 53197 | Vaults:1 | Entered Level 1 of the Vaults
 53802 | Vaults:1 | Found Yreab's Food Shoppe.
 54264 | Vaults:1 | Received a gift from Okawaru
 54411 | Vaults:1 | Received a gift from Okawaru
 55071 | Vaults:1 | Reached skill level 10 in Throwing
 55646 | Vaults:2 | You fall through a shaft for 2 floors!
 55666 | Vaults:4 | Reached skill level 15 in Fighting
 56214 | Vaults:3 | Noticed Nikola
 56235 | Vaults:3 | Killed Nikola
 56235 | Vaults:3 | Reached XP level 23. HP: 117/129 MP: 25/32
 56833 | Swamp:1  | Got a sparkling bone ring
 56896 | Swamp:1  | Gained mutation: Your muscles are strong. (Str +2)
                  | [mutagenic glow]
 56932 | Swamp:1  | Identified the ring "Bolemp" {*Slow rElec rPois MP+9
                  | Stlth+} (You found it on level 1 of the Swamp)
 57331 | Vaults:2 | Found a shattered altar of Ashenzari.
 57722 | Vaults:2 | Received a gift from Okawaru
 58181 | Vaults:2 | Found a staircase to the Crypt.
 58189 | Vaults:2 | Received a gift from Okawaru
 58559 | Vaults:3 | Received a gift from Okawaru
 58883 | Vaults:3 | Received a gift from Okawaru
 59837 | Vaults:4 | Received a gift from Okawaru
 60426 | Vaults:4 | Received a gift from Okawaru
 60485 | Vaults:4 | Received a gift from Okawaru
 60501 | Vaults:4 | Noticed Boris
 60516 | Vaults:4 | Killed Boris
 61207 | Vaults:5 | Entered Level 5 of the Vaults
 61233 | Vaults:4 | Received a gift from Okawaru
 61243 | Vaults:4 | Got a warped morningstar {god gift}
 61310 | Vaults:4 | Identified the +2 morningstar "Etaatosonu" {freeze, +Rage
                  | rC++ Str-4} (Okawaru gifted it to you on level 4 of the
                  | Vaults)
 61519 | Vaults:4 | Reached XP level 24. HP: 133/136 MP: 32/32
 61597 | Vaults:5 | Mangled by a vault guard

Vault maps used:
D:1:      zelgadis_glass_arrival_small, minmay_distorted
D:2:      uniq_sigmund
D:3:      marbit_many_paths, gammafunk_ghost_arena, serial_park_tiny_2,
          uniq_natasha
D:4:      serial_shops, kennysheep_mini, uniq_menkaure
D:5:      nicolae_overflow_crystal_walls, nicolae_qazlal_style_of_elements,
          first_ration
D:6:      lemuel_round_altar, minmay_temple_entry_overgrown
D:7:      nicolae_overflow_hidden_temple, gammafunk_temple_overflow_wave,
          uniq_pikel
D:8:      minmay_the_grid_triangle_9x9_rhombus_full, minmay_misc_feat_tiny,
          grunt_ogre_cave, minmay_door_square
D:9:      lightli_temple_of_fire, orc_0_dummy, minivault_22
D:10:     gammafunk_corrupted_shrine
D:11:     enter_bailey_3, uniq_harold
D:12:     uniq_erolcha, uniq_sonja, uniq_fannar, uniq_azrael
D:13:     minmay_shop_grid_forest, glass_columns_b, uniq_nessos
D:14:     grunt_vaults_entry_tiered, serial_ice, serial_ice_k, serial_ice_g,
          serial_ice_h, serial_ice_a, serial_ice_n, serial_ice_d,
          portal_ice_cave_demonic_guard, uniq_josephine, uniq_rupert
D:15:     grunt_enter_depths_snipers, minivault_14
Temple:   dpeg_chambers_temple
Lair:1:   serial_forest, infiniplex_forest_clump_cross,
          infiniplex_forest_lined_corner, infiniplex_forest_clump_double,
          infiniplex_forest_clump_double, infiniplex_forest_clump_long,
          infiniplex_forest_lined_2, infiniplex_forest_side_room,
          infiniplex_staircase_pool
Lair:2:   minmay_snake_entry_spellcaster, basic_altar, special_room
Lair:3:   minmay_swamp_entry_reptiles, lab_entry_generic,
          gammafunk_ghost_hydra_chop, minmay_lair_oklob_chamber,
          grunt_megastairs_2
Lair:4:   ebering_ghost_funeral_grove, uniq_snorg
Lair:5:   minmay_slime_entry_pillars, serial_bayou_shore_b, grunt_megastairs_1
Lair:6:   wormcave, hangedman_lair_caniforms_friends,
          nicolae_lair_grove_arrangements, grunt_megastairs_3
Swamp:1:  gammafunk_its_a_trap, hangedman_swamp_lotus
Swamp:2:  evilmike_swamp_ruin_house_5, uniq_louise
Swamp:3:  serial_swamp_ruin, evilmike_swamp_ruin_rubble_1,
          evilmike_swamp_ruin_house_3
Swamp:4:  swamp_old_school
Snake:1:  serial_shops, nicolae_shop_overgrown_old_shop
Snake:2:  serial_shops, shop_coins, minmay_shoptagon
Snake:3:  basic_altar, special_room, uniq_vashnia
Snake:4:  johnstein_snake_rune_scales, hangedman_venom_bottle, uniq_kirke
Orc:1:    basic_altar, mines5_lemuel, uniq_nergalle, uniq_erica
Orc:2:    st_orc_congregation, gammafunk_ghost_fury_of_okawaru,
          statue_in_the_mist_lemuel, uniq_urug
Elf:1:    eino_elf_arrival_the_gate, mu_enter_wizlab_5, hangedman_elf_represent,
          onia_ninara_cookie
Elf:2:    enter_trove_0, feat_on_display
Elf:3:    nooodl_elf_gasket, abandoned_shop
Vaults:1: vaults_dpeg_doors, ontoclasm_vaults_shuriken, v_pattern_2, v_misc_9,
          nicolae_vaults_diagonal_hallway_9, ontoclasm_vaults_tryst,
          vaults_mumra_minichess_inversion, v_misc_26, hangedman_vaults_hat,
          st_lines, v_misc_17, vaults_room_large_hall, vaults_room_hallway,
          dpeg_vaults_monster_box, serial_shops, shop
Vaults:2: nicolae_vaults_circle_grid_a, v_misc_30, vaults_room_boxed,
          vaults_room_large_hall, minmay_crypt_entry_nasty_monster,
          ontoclasm_vaults_eye, vaults_dpeg_ring, vaults_room_pool,
          ontoclasm_vaults_loading_screen, v_alt_pattern_6,
          nicolae_vaults_hallways_thing, vaults_room_semicircle,
          vaults_room_pools, basic_altar
Vaults:3: hangedman_vaults_river_flow, v_rooms_2, vaults_room_semicircle,
          v_alt_pattern_5, nicolae_vaults_yaktaur_gun_rack,
          nicolae_vaults_rhombus_5, vaults_mumra_chevron, v_misc_26,
          hangedman_vaults_nails, vaults_room_hallway,
          grunt_vaults_hallway_long, nicolae_vaults_asterisk,
          nicolae_vaults_gold_heap, grunt_vaults_bifocal,
          vaults_room_semicircle, uniq_nikola
Vaults:4: hangedman_vaults_nodes, st_spiral_rooms,
          nicolae_vaults_border_crossing, nicolae_vaults_little_squares_2,
          vaults_room_pools, ontoclasm_vaults_loading_screen, uniq_boris
Vaults:5: serial_shops
Abyss:3:  nicolae_abyss_rune_left_handed
Lab:      labyrinth_hidden_loot, nicolae_lab_quarters, nicolae_lab_flowing_pool,
          nicolae_lab_checkerboard, nicolae_lab_grate_2, nicolae_lab_swirl,
          lab_fountain, nicolae_lab_very_dead_end, labyrinth_lava_lair,
          nicolae_lab_starburst, nicolae_lab_garden, labyrinth_glass_1,
          labyrinth_skeletal_remains, nicolae_lab_statue
Bailey:   bailey_polearm_3, bailey
IceCv:    ice_cave_caverns_02
WizLab:   wizlab_cloud

Skill      XL: |  1  2  3  4  5  6  7  8  9 10 11 12 13 14 15 16 17 18 19 20 21 22 23 |
---------------+----------------------------------------------------------------------+-----
Maces & Flails | 3 4 6 7 8 10 11 13 14 15 16 17 19 20 | 20.0
Fighting       | 4 5 7 8 10 11 12 13 14 15 16 | 16.1
Invocations    | 4 7 8 |  8.0
Throwing       | 2 4 5 6 8 9 10 11 | 11.6
Evocations     | 2 4 5 6 8 10 11 12 13 | 13.1
Armour         | 4 6 7 9 10 11 12 13 | 13.9
Shields        | 4 6 7 9 10 11 | 11.2
Dodging        | 1 4 5 7 9 |  9.0
Translocations | 2 5 7 8 |  8.0
Charms         | 2 5 7 8 |  8.0
Air Magic      | 4 6 7 13 16 | 16.1

Action                   |  1- 3 |  4- 6 |  7- 9 | 10-12 | 13-15 | 16-18 | 19-21 | 22-24 || total
-------------------------+-------+-------+-------+-------+-------+-------+-------+-------++-------
Melee: Flail             |   155 |   197 |   483 |   661 |       |       |       |       ||  1496
       Great mace        |       |       |       |    31 |   851 |  1142 |  1252 |  1125 ||  4401
       Morningstar       |       |       |       |       |   509 |       |       |       ||   509
       Demon whip        |       |       |       |       |    12 |       |       |       ||    12
Throw: Tomahawk          |       |       |     3 |    10 |    32 |    32 |   131 |    14 ||   222
       Javelin           |       |       |       |       |     3 |       |       |       ||     3
Invok: Heroism           |       |       |       |     7 |     5 |     7 |     3 |     3 ||    25
       Finesse           |       |       |       |     3 |     3 |     9 |     7 |     8 ||    30
 Abil: Stop Flying       |       |       |       |     1 |     2 |     1 |       |       ||     4
       Evoke Flight      |       |       |       |     1 |       |       |       |       ||     1
       Fly               |       |       |       |       |     2 |       |       |       ||     2
Evoke: Phial of floods   |       |       |       |       |     1 |       |       |       ||     1
       Lamp of fire      |       |       |       |       |       |     3 |     4 |     3 ||    10
       Wand              |       |       |       |       |       |     1 |    10 |     1 ||    12
       Lightning rod     |       |       |       |       |       |       |       |     5 ||     5
  Use: Scroll            |       |       |     8 |     6 |     8 |     3 |     4 |     8 ||    37
       Potion            |       |       |       |     1 |       |       |     3 |     3 ||     7
 Stab: Petrified         |       |       |       |       |     2 |       |       |       ||     2
  Eat: Chunk             |     2 |     6 |    16 |    17 |    37 |    21 |    26 |    28 ||   153
       Ration            |       |       |       |     4 |     2 |     7 |     1 |     1 ||    15
Armor: Scale mail        |     8 |       |       |       |       |       |       |       ||     8
       Chain mail        |    89 |   144 |   252 |       |       |       |       |       ||   485
       Skin              |     2 |       |       |       |       |       |       |       ||     2
       Plate armour      |       |       |    45 |   443 |  1219 |  1262 |  1155 |  1224 ||  5348
Dodge: Dodged            |    48 |    58 |    89 |    75 |   398 |   606 |   408 |   506 ||  2188
Block: Shield            |    79 |   140 |   188 |   264 |   248 |       |       |       ||   919

Table legend:
 A = Non-vault XP
 B = Vault XP
 C = Vault XP percentage of total XP
 D = Non-vault monster count
 E = Vault monster count
 F = Vault count percentage of total count
                 A         B        C        D         E       F
            +---------+---------+-------+---------+---------+-------
      Total |  404355 |  430671 |  51.6 |    1031 |     791 |  43.4
            +---------+---------+-------+---------+---------+-------
        D:1 |      46 |       4 |   8.0 |      24 |       2 |   7.7
        D:2 |      80 |     223 |  73.6 |      29 |       1 |   3.3
        D:3 |     198 |     324 |  62.1 |      28 |       5 |  15.2
        D:4 |     366 |     172 |  32.0 |       8 |       1 |  11.1
        D:5 |     571 |       0 |   0.0 |      22 |       0 |   0.0
        D:6 |     361 |       0 |   0.0 |       8 |       0 |   0.0
        D:7 |     990 |     593 |  37.5 |      26 |       1 |   3.7
        D:8 |    1496 |    2313 |  60.7 |      10 |      21 |  67.7
        D:9 |     772 |       0 |   0.0 |       9 |       0 |   0.0
       D:10 |    1997 |    5553 |  73.5 |      28 |      10 |  26.3
       D:11 |    1736 |     988 |  36.3 |       9 |       5 |  35.7
       D:12 |    3512 |    4641 |  56.9 |      20 |      10 |  33.3
       D:13 |    3362 |    1260 |  27.3 |      20 |       1 |   4.8
       D:14 |    7177 |   15217 |  68.0 |      33 |      42 |  56.0
       D:15 |   12577 |    2279 |  15.3 |      40 |       3 |   7.0
     Lair:1 |    2144 |       0 |   0.0 |      10 |       0 |   0.0
     Lair:2 |    5346 |    1782 |  25.0 |      22 |      17 |  43.6
     Lair:3 |    4680 |    7094 |  60.3 |      23 |      15 |  39.5
     Lair:4 |    4441 |    3812 |  46.2 |      16 |       7 |  30.4
     Lair:5 |    3934 |    4579 |  53.8 |      10 |      10 |  50.0
     Lair:6 |    4222 |   12982 |  75.5 |      19 |      60 |  75.9
    Swamp:1 |   16858 |    2405 |  12.5 |      39 |       5 |  11.4
    Swamp:2 |    9293 |    1686 |  15.4 |      25 |       1 |   3.8
    Swamp:3 |    9793 |       0 |   0.0 |      15 |       0 |   0.0
    Swamp:4 |   10588 |   19352 |  64.6 |      19 |      23 |  54.8
    Snake:1 |   12857 |       0 |   0.0 |      21 |       0 |   0.0
    Snake:2 |   38560 |       0 |   0.0 |      67 |       0 |   0.0
    Snake:3 |   19806 |    9289 |  31.9 |      38 |       6 |  13.6
    Snake:4 |   28879 |   48454 |  62.7 |      40 |      95 |  70.4
      Orc:1 |    2235 |    6882 |  75.5 |      21 |      29 |  58.0
      Orc:2 |    2907 |   14932 |  83.7 |      17 |      62 |  78.5
      Elf:1 |   16588 |   16917 |  50.5 |      28 |      27 |  49.1
      Elf:2 |   19055 |   23239 |  54.9 |      29 |      30 |  50.8
      Elf:3 |   25588 |   51006 |  66.6 |      42 |      39 |  48.1
   Vaults:1 |   44008 |   23100 |  34.4 |      71 |      44 |  38.3
   Vaults:2 |   13031 |   25611 |  66.3 |      19 |      31 |  62.0
   Vaults:3 |   23681 |   21629 |  47.7 |      37 |      31 |  45.6
   Vaults:4 |   33498 |   50084 |  59.9 |      50 |      43 |  46.2
   Vaults:5 |     288 |       0 |   0.0 |       1 |       0 |   0.0
    Abyss:3 |   16834 |       0 |   0.0 |      38 |       0 |   0.0
        Lab |       0 |    3020 | 100.0 |       0 |      14 | 100.0
     Bailey |       0 |    6238 | 100.0 |       0 |      11 | 100.0
      IceCv |       0 |   12863 | 100.0 |       0 |      48 | 100.0
     WizLab |       0 |   30148 | 100.0 |       0 |      41 | 100.0
            +---------+---------+-------+---------+---------+-------
